 Dungeon Crawl Stone Soup version 0.28.0-43-g3370ac3207 (webtiles) character file.

Game seed: 7110131234987398807

571 Zeld the Gusty (level 7, -3/36 HPs)
             Began as a Tengu Air Elementalist on Apr 1, 2022.
             Slain by an ice beast (6 damage)
             ... on level 4 of the Dungeon.
             The game lasted 00:07:05 (4906 turns).

Zeld the Gusty (Tengu Air Elementalist)             Turns: 4906, Time: 00:07:06

Health: -3/36      AC:  3    Str:  9    XL:     7   Next: 34%
Magic:  14/14      EV: 15    Int: 17    God:
Gold:   160        SH:  0    Dex: 14    Spells: 4/14 levels left

rFire   . . .      SeeInvis .   a - +2 whip (elec)
rCold   . . .      Faith    .   (no shield)
rNeg    . . .      Spirit   .   g - +0 robe
rPois   .          Reflect  .   (helmet restricted)
rElec   .          Harm     .   (no cloak)
rCorr   .          Rampage  .   c - +0 pair of gloves
Will    .....                   (boots unavailable)
Stlth   ++........              p - amulet of magic regeneration
HPRegen 0.12/turn               (no ring)
MPRegen 0.54/turn               (no ring)

@: sluggish, flying quickly and evasively, very slow
A: beak, talons 3, nimble flight
a: no special abilities


You were on level 4 of the Dungeon.
You visited 1 branch of the dungeon, and saw 5 of its levels.

You collected 160 gold pieces.

Inventory:

Hand Weapons
 a - a +2 whip of electrocution (weapon)
Armour
 c - a +0 pair of gloves (worn)
 g - a +0 robe (worn)
Jewellery
 n - a ring of resist corrosion
 p - an amulet of magic regeneration (around neck)
Wands
 o - a wand of polymorph (5)
 r - a wand of mindburst (15)
Scrolls
 b - 7 scrolls of identify {unknown}
 e - 3 scrolls of immolation {unknown}
 h - a scroll of amnesia {unknown}
 j - a scroll of blinking {unknown}
 k - a scroll of fog {unknown}
 l - a scroll of fear {unknown}
 q - a scroll of brand weapon {unknown}
 t - a scroll of vulnerability {unknown}
Potions
 d - 2 potions of degeneration {unknown}
 f - a potion of mutation {unknown}
 i - a potion of curing {unknown}
 m - a potion of ambrosia {unknown}
 s - 2 potions of lignification {unknown}
 u - a potion of might {unknown}
 v - a potion of resistance {unknown}


   Skills:
 - Level 3.0 Dodging
 - Level 3.0 Stealth
 * Level 4.4 Spellcasting
 + Level 4.1 Conjurations
 * Level 7.2 Air Magic


You had 4 spell levels left.
You knew the following spells:

 Your Spells              Type           Power      Damage    Failure   Level
a - Shock                 Conj/Air       92%        1d8       1%          1
b - Static Discharge      Conj/Air       23%        N/A       2%          2
c - Swiftness             Air            28%        N/A       2%          3
d - Airstrike             Air            14%        N/A       8%          4

Your spell library contained the following spells:

 Spells                   Type           Power      Damage    Failure   Level
 Conjure Flame            Conj/Fire      10%        6-21      19%         3
 Stone Arrow              Conj/Erth      20%        3d8       19%         3
 Ensorcelled Hibernation  Hex/Ice        6%         N/A       22%         2
 Gell's Gravitas          Tloc           3%         N/A       41%         3
 Ignite Poison            Fire/Tmut/Pois 3%         N/A       41%         3
 Spider Form              Tmut/Pois      3%         N/A       41%         3
 Teleport Other           Tloc           3%         N/A       41%         3
 Sticky Flame             Conj/Fire      10%        2d3       54%         4
 Anguish                  Hex/Necr       1%         N/A       83%         4
 Animate Armour           Summ/Erth      6%         N/A       83%         4
 Dispersal                Tloc           1%         N/A       100%        6
 Lehudib's Crystal Spear  Conj/Erth      5%         10d3      100%        8


Dungeon Overview and Level Annotations

Branches:
Dungeon (5/15)
 Temple: D:4-7

Altars:
Cheibriados
Makhleb
Qazlal
Uskayaw
Xom

Shops:
D:4 (


Innate Abilities, Weirdness & Mutations

You have a beak for a mouth.
You have claws for feet.
Your magical nature lets you fly swiftly and evasively.


Message History

You fly upwards.
There is a stone staircase leading down here.
You start resting.
You start to feel a little slower.
You start resting.
You feel sluggish.
You fly downwards.
The ice beast hits you. The ice beast freezes you. The ice beast hits you.
The ice beast freezes you!
There is a stone staircase leading up here.
The ice beast closely misses you.
You fly upwards.
There is a stone staircase leading down here.
Okay, then.
Aiming: Polymorph
Press: ? - help, Shift-Dir - straight line, f - ice beast
Aim: an ice beast (will become an acid dragon, a hornet, or a wyvern, chance to affect: 49%)
The ice beast resists with some effort.
The ice beast hits you but does no damage.
Unknown command.
Aiming: Polymorph
Press: ? - help, Shift-Dir - straight line, f/p - ice beast
Aim: an ice beast (will become an acid dragon, a hornet, or a wyvern, chance to affect: 49%)
The ice beast resists with some effort.
The ice beast closely misses you.
Unknown command.
Aiming: Polymorph
Press: ? - help, Shift-Dir - straight line, f/p - ice beast
Aim: an ice beast (will become an acid dragon, a hornet, or a wyvern, chance to affect: 49%)
The ice beast resists with some effort.
The ice beast hits you. The ice beast freezes you!
* * * LOW HITPOINT WARNING * * *
Casting: Shock (safe; 1% risk of failure)
Confirm with . or Enter, or press ? or * to list all spells.
This spell is already in effect.
The ice beast misses you. The ice beast closely misses you.
You start to feel a little faster.
The ice beast hits you.
* * * LOW HITPOINT WARNING * * *
The ice beast freezes you.
You die...

##.......#####..## #.. #..##....#
#..# ### #..###.#.#####..#
####..###......>...#
#...........####...#
#.##..##########...#
#.##....>.....##...#
#.###......(.......# #.#
#########.##@#.############## #.#
#..Y...##............ #.#
####.####.###.####### #.#
###....####.###.## #.#
#.....<[....##...# #.#
#.#.##########...### #.# #.#.#
#..........#### #.# #.#.#
#..............
#.#########.#.#####..........####


You could see an ice beast.

Vanquished Creatures
  3 ogres
  2 wyvern zombies (D:5)
  A jelly (D:5)
  2 iguanas
  4 adders
  An ufetubus (D:4)
  2 worms
  A dart slug (D:4)
  11 orcs
  5 bats
  6 endoplasms
  3 giant cockroaches
  2 goblins
  5 hobgoblins
  A quokka (D:2)
  7 ball pythons
  3 frilled lizards
  11 kobolds
  6 rats
76 creatures vanquished.

Notes
Turn   | Place    | Note
-------+----------+-------------------------------------------
     0 | D:1      | Zeld the Tengu Air Elementalist began the quest for the
                  | Orb.
     0 | D:1      | Reached XP level 1. HP: 10/10 MP: 4/4
   386 | D:1      | Reached XP level 2. HP: 15/15 MP: 3/6
   883 | D:1      | Learned a level 2 spell: Static Discharge
  1305 | D:2      | Reached XP level 3. HP: 19/19 MP: 4/7
  1311 | D:2      | Learned a level 3 spell: Swiftness
  1395 | D:2      | Found a faded altar of an unknown god.
  2295 | D:3      | Reached XP level 4. HP: 18/24 MP: 1/8
  2296 | D:3      | Reached skill level 5 in Air Magic
  3335 | D:3      | Found a burning altar of Makhleb.
  3335 | D:3      | Noticed a balrug
  3338 | D:3      | Noticed a smoke demon
  3338 | D:3      | Noticed an orange demon
  3501 | D:4      | Noticed an ogre
  3513 | D:4      | Killed an ogre
  3514 | D:4      | Gained mutation: Your magical nature lets you fly swiftly
                  | and evasively. [Tengu growth]
  3514 | D:4      | Reached XP level 5. HP: 28/28 MP: 6/10
  3519 | D:4      | Learned a level 4 spell: Airstrike
  3537 | D:4      | Noticed an ogre
  3555 | D:4      | Killed an ogre
  3556 | D:4      | Reached skill level 6 in Air Magic
  3556 | D:4      | Reached XP level 6. HP: 32/32 MP: 3/12
  3724 | D:4      | Found a hide-covered altar of Uskayaw.
  3836 | D:4      | Found Avaun's Weapon Shop.
  3874 | D:4      | Found a snail-covered altar of Cheibriados.
  3878 | D:4      | Found a shimmering altar of Xom.
  3878 | D:4      | Found a stormy altar of Qazlal.
  4233 | D:5      | Entered Level 5 of the Dungeon
  4613 | D:5      | Reached XP level 7. HP: 36/36 MP: 1/14
  4878 | D:5      | Reached skill level 7 in Air Magic
  4906 | D:4      | Slain by an ice beast

Illustrated notes

Levels and vault maps discovered:
D:1:      dpeg_arrival_ternary, layout_basic
D:2:      layout_basic, ebering_ecumenical_altar_sacrificial,
          serial_corexii_hall, chequers_hall_statues_y, corexii_hall_statues_l
D:3:      layout_basic, makhleb_altar_promises_db
D:4:      layout_loops_ring, nicolae_uskayaw_murder_on_the_dancefloor,
          chequers_temple_overflow_statue_of_worship, serial_shops,
          nicolae_shop_bloodbath_and_beyond
D:5:      layout_cave_pools, nicolae_sextant, hangedman_decor_growths

Skill      XL: |  1  2  3  4  5  6  7 |
---------------+----------------------+-----
Conjurations   | 2 3 4 |  4.1
Air Magic      | 5 6 7 |  7.2
Dodging        | 3 |  3.0
Spellcasting   | 3 4 |  4.4
Stealth        | 3 |  3.0

Action                   |  1- 3 |  4- 6 |  7- 9 || total
-------------------------+-------+-------+-------++-------
Melee: Whip              |     5 |    28 |     2 ||    35
       Kick              |     2 |     5 |     2 ||     9
       Peck              |     1 |     6 |       ||     7
 Cast: Shock             |    76 |    89 |     7 ||   172
       Airstrike         |       |    10 |     3 ||    13
       Swiftness         |       |     2 |     1 ||     3
Evoke: Wand              |       |       |     3 ||     3
Armor: Robe              |    11 |    13 |     1 ||    25
Dodge: Dodged            |    19 |    39 |     7 ||    65
